 Dungeon Crawl Stone Soup version 0.32-a0-38-gb04dd89b9b (webtiles) character file.

Game seed: 4895543431475432359

64 seren the Trooper (level 4, 0/75 HPs)
             Began as an Oni Berserker on Jan 23, 2024.
             Was a Follower of Trog.
             Slain by a gnoll
             ... wielding a +0 club
              (1 damage)
             ... on level 2 of the Dungeon.
             The game lasted 00:01:10 (633 turns).

seren the Trooper (Oni Berserker)                    Turns: 633, Time: 00:01:10

Health: 0/75       AC:  3    Str: 23    XL:     4   Next: 12%
Magic:  4/4        EV: 10    Int:  8    God:    Trog [*.....]
Gold:   88         SH:  0    Dex:  8    Spells: 3/3 levels left

rFire   . . .        a - +0 mace
rCold   . . .        (no shield)
rNeg    . . .        b - +0 animal skin
rPois   .            (helmet restricted)
rElec   .            (no cloak)
rCorr   .            (gloves unavailable)
SInv    .            (boots unavailable)
Will    .....        (no amulet) Stlth
                     (no ring)
HPRegen 0.32/turn    (no ring)
MPRegen 0.09/turn

%: no passive effects
@: berserking (expiring), very quick
A: large, unfitting armour, horns 1, tough skin 1, double potion healing,
drunken brawling
a: Renounce Religion, Berserk


You were on level 2 of the Dungeon.
You worshipped Trog.
Trog was aware of your devotion.
You visited 1 branch of the dungeon, and saw 2 of its levels.

You collected 88 gold pieces.

Inventory:

Hand Weapons
 a - a +0 mace (weapon)
Armour
 b - a +0 animal skin (worn)
Scrolls
 c - a scroll of fear {unknown}
 d - 5 scrolls of identify {unknown}
 e - a scroll of teleportation {unknown}
Potions
 f - a potion of might {unknown}
 g - a potion of ambrosia {unknown}
 h - a potion of curing {unknown}


   Skills:
 + Level 5.0 Fighting
 + Level 3.6 Maces & Flails
 + Level 3.3 Dodging


You had 3 spell levels left.
You didn't know any spells.
Your spell library was empty.

Dungeon Overview and Level Annotations

Branches:
Dungeon (2/15)

Altars:
Hepliaklqana


Innate Abilities, Weirdness & Mutations

You are too large for most types of armour.
You have a pair of small horns on your head.
You have tough skin. (AC +1)
You gain doubled healing and magic from potions.
Whenever you drink a healing potion, you attack all around you.


Message History

Trog accepts your kill.
The cerulean imp hits you from afar with a +1 spear.
* * * LOW HITPOINT WARNING * * *
Natasha closely misses you.
You sock Natasha! Your headbutt misses Natasha.
Natasha is severely wounded.
You hit Natasha. Your headbutt misses Natasha.
Natasha is severely wounded.
The cerulean imp hits you from afar with a +1 spear.
* * * LOW HITPOINT WARNING * * *
Natasha claws you.
* * * LOW HITPOINT WARNING * * *
You miss Natasha.
Natasha is severely wounded.
The cerulean imp hits you from afar with a +1 spear.
* * * LOW HITPOINT WARNING * * *
Natasha claws you!
* * * LOW HITPOINT WARNING * * *
You closely miss Natasha.
Natasha is severely wounded.
The cerulean imp closely misses you. Natasha claws you but does no damage.
You closely miss Natasha.
Natasha is severely wounded.
The cerulean imp hits you but does no damage.
Natasha claws you!
* * * LOW HITPOINT WARNING * * *
You sock Natasha!
You kill Natasha!
Trog accepts your kill.
Trog appreciates your killing of a magic user.
Natasha growls in agony!
The cerulean imp disappears in a puff of smoke! x2
Your Fighting skill increases to level 5!
You have reached level 4!
You are too berserk!
You closely miss the gnoll. The gnoll hits you with a +0 club.
* * * LOW HITPOINT WARNING * * *
Unknown command.
You closely miss the gnoll. The gnoll hits you with a +0 club.
You die...

.......#.. .......#.#
.......#.# .......#.#
.......#.# #
......§#.###..#
.....5.§J.....#
......##g####.# #####
#@# #.# #.# #.# ###.#
#...########
#..........#
########...>#...#
####.............###.#


You could see a gnoll and an endoplasm.

Vanquished Creatures
  Natasha (D:2)
  2 gnolls (D:2)
  A dart slug (D:1)
  An endoplasm (D:1)
  A giant cockroach (D:2)
  2 hobgoblins
  4 bats
  4 goblins (D:1)
  2 kobolds (D:1)
  3 rats
21 creatures vanquished.

Notes
Turn   | Place    | Note
-------+----------+-------------------------------------------
     0 | D:1      | seren the Oni Berserker began the quest for the Orb.
     0 | D:1      | Reached XP level 1. HP: 24/24 MP: 1/1
   123 | D:1      | Found a faded altar of an unknown god.
   129 | D:1      | Reached XP level 2. HP: 31/32 MP: 2/2
   446 | D:1      | Found a hazy altar of Hepliaklqana.
   607 | D:2      | Noticed Natasha
   621 | D:2      | Reached XP level 3. HP: 27/40 MP: 3/3
   630 | D:2      | HP: 1/60 [Natasha (7)]
   631 | D:2      | Killed Natasha
   632 | D:2      | Reached skill level 5 in Fighting
   632 | D:2      | Reached XP level 4. HP: 2/50 MP: 4/4
   633 | D:2      | Slain by a gnoll

Illustrated notes

Levels and vault maps discovered:
D:1:      dpeg_arrival_lava_altar, layout_basic,
          hellmonk_ecumenical_altar_prayer_group, kennysheep_flooded_box
D:2:      layout_basic, kennysheep_cross_bottleneck, uniq_natasha

Skill      XL: |  1  2  3 |
---------------+----------+-----
Dodging        | 3 |  3.3
Fighting       | 5 |  5.0
Maces & Flails | |  3.6

Action                     |  1- 3 |  4- 6 || total
---------------------------+-------+-------++-------
  Melee: Mace              |    48 |     2 ||    50
         Headbutt          |     7 |       ||     7
 Invoke: Berserk           |     1 |       ||     1
 Armour: Animal skin       |    46 |     2 ||    48
  Dodge: Dodged            |    25 |       ||    25

Table legend: (Time is in decaauts)
 A = Elapsed time spent in this place.
 B = Non-inter-level travel time spent in this place.
 C = Inter-level travel time spent in this place.
 D = Time resting spent in this place.
 E = Time spent auto-exploring this place.
 F = Levels seen in this place.
 G = Mean time per level.
                   A        B        C        D        E       F      G
               +--------+--------+--------+--------+--------+-----+--------+
         Total |    638 |    628 |     10 |      0 |    476 |   2 |  319.0 |
       Dungeon |    638 |    628 |     10 |      0 |    476 |   2 |  319.0 |
               +--------+--------+--------+--------+--------+-----+--------+

Top non-repeatable levels by time:
     D:1: 468 daAuts
     D:2: 170 daAuts
